 Dungeon Crawl Stone Soup version 0.27.1-34-g3ba077fa99 (webtiles) character file.

Game seed: 12159701615413291633

3763 LLlMATKO the Fighter (level 9, -5/83 HPs)
             Began as a Minotaur Berserker on Jan 19, 2022.
             Was an Elder of Trog.
             Slain by a two-headed ogre (12 damage)
             ... on level 7 of the Dungeon.
             The game lasted 00:06:15 (6673 turns).

LLlMATKO the Fighter (Minotaur Berserker)           Turns: 6673, Time: 00:06:16

Health: -5/83      AC: 18    Str: 22    XL:     9   Next: 94%
Magic:  8/8        EV:  9    Int:  4    God:    Trog [****..]
Gold:   559        SH:  0    Dex: 13    Spells: 8/8 levels left

rFire    + . .     SeeInvis .   t - +0 war axe
rCold    . . .     Faith    .   (no shield)
rNeg     + . .     Spirit   .   r - +0 plate armour
rPois    .         Reflect  .   (helmet restricted)
rElec    .         Harm     .   C - scarf {repulsion}
rCorr    .         Rampage  .   o - +2 pair of gloves
Will     .....                  y - +0 pair of boots
Stlth    ..........             (no amulet)
HPRegen  0.23/turn              f - ring of protection from fire
MPRegen  0.11/turn              n - ring of positive energy

@: on berserk cooldown, slowed, repel missiles, very slow
A: horns 2, retaliatory headbutt
a: Renounce Religion, Berserk, Trog's Hand, Brothers in Arms


You were on level 7 of the Dungeon.
You worshipped Trog.
Trog was greatly pleased with you.
You visited 1 branch of the dungeon, and saw 7 of its levels.

You collected 559 gold pieces.

Inventory:

Hand Weapons
 l - a +1 whip of electrocution
 t - a +0 war axe (weapon)
Missiles
 D - a throwing net
 E - 4 boomerangs (quivered)
 J - 17 sling bullets
Armour
 c - a +1 ring mail of fire resistance
 o - a +2 pair of gloves (worn)
 r - a +0 plate armour (worn)
 y - a +0 pair of boots (worn)
 C - a scarf of repulsion (worn)
 H - a +1 cloak of preservation
Jewellery
 f - a ring of protection from fire (left hand)
 n - a ring of positive energy (right hand)
Wands
 w - a wand of digging (9)
 z - a wand of flame (32)
Scrolls
 b - 5 scrolls of teleportation {unknown}
 e - 6 scrolls of identify {unknown}
 g - a scroll of torment {unknown}
 h - 3 scrolls of fear {unknown}
 i - 2 scrolls of magic mapping {unknown}
 k - 2 scrolls of noise {unknown}
 m - a scroll of enchant armour {unknown}
 q - a scroll of fog {unknown}
 v - a scroll of vulnerability {unknown}
 x - a scroll of enchant weapon {unknown}
 A - a scroll of silence {unknown}
Potions
 a - a potion of curing {unknown}
 d - 2 potions of berserk rage {unknown}
 j - a potion of mutation {unknown}
 p - 2 potions of might {unknown}
 s - a potion of flight {unknown}
 u - a potion of haste {unknown}
 B - 2 potions of invisibility {unknown}
 F - a potion of resistance {unknown}
 G - a potion of heal wounds {unknown}
 I - a potion of brilliance {unknown}
 K - a potion of ambrosia {unknown}
 L - a potion of magic {unknown}
 M - a potion of cancellation {unknown}


   Skills:
 + Level 9.3 Fighting
 + Level 9.3 Axes
 + Level 8.9 Armour
 + Level 8.1 Dodging


You had 8 spell levels left.
You didn't know any spells.
Your spell library was empty.

Dungeon Overview and Level Annotations

Branches:
Dungeon (7/15)             Temple (0/1) D:5

Altars:
Fedhas
Vehumet
Wu Jian
Xom

Shops:
D:1 !


Innate Abilities, Weirdness & Mutations

You have a pair of horns on your head.
You reflexively headbutt those who attack you in melee.


Message History

You hit the gnoll but do no damage. The gnoll hits you with a +0 spear.
The gnoll barely misses you.
The orc wizard hits you but does no damage.
A centaur skeleton comes into view.
The gnoll hits you with a +0 whip.
An orc comes into view. It is wielding a +0 short sword.
The orc shouts!
You slice the orc wizard!!
You kill the orc wizard!
Trog accepts your kill.
Trog appreciates your killing of a magic user.
You hit the gnoll. You barely miss the gnoll.
The gnoll hits you but does no damage. The gnoll hits you with a +0 spear.
The gnoll hits you but does no damage.
The orc warrior hits you but does no damage.
The gnoll barely misses you. The gnoll hits you with a +0 whip.
You see here a howler monkey corpse.
The gnoll hits you but does no damage. The gnoll hits you with a +0 whip.
You see here a scorpion corpse.
The gnoll hits you but does no damage. The gnoll closely misses you.
You furiously retaliate!
You headbutt the gnoll, but do no damage.
The gnoll barely misses you. The gnoll barely misses you.
The two-headed ogre hits you with a +0 giant club!
The two-headed ogre completely misses you.
An orc comes into view. It is wielding a +0 flail.
The two-headed ogre hits you with a +0 giant club!
The two-headed ogre hits you with a +0 great mace.
The two-headed ogre hits you with a +0 giant club!
The two-headed ogre hits you with a +0 great mace.
* * * LOW HITPOINT WARNING * * *
The two-headed ogre hits you with a +0 giant club.
* * * LOW HITPOINT WARNING * * *
The two-headed ogre hits you with a +0 great mace!
* * * LOW HITPOINT WARNING * * *
There is a stone staircase leading up here.
The two-headed ogre hits you with a +0 giant club!
You die...

#.# #.# #.# #.# #.###########.#
...............>########## ....
#.go..............# ....#
#.###o##.########.# #...
#.#@O........ #.# ...
#...###.#.#..###### #.# ...
#.....#g#)...... .. #.# ....
#.....#.###..#.#.##. #.#
.....#####...gg.......#.#... #.#
.#.#.#.#.#.#.#.#....###.##..(#.#
#.#.#.#.#g#g#.##....#........#.##
.#.#.#.#.#g#.#.#....# #.........#
....#$#†#g#.#.##....# ....(....#


You could see a two-headed ogre and an orc.

Vanquished Creatures
  A boulder beetle (D:6)
  Pikel (D:4)
  Eustachio (D:4)
  Menkaure (D:5)
  A water moccasin (D:6)
  Duvessa (D:7)
  2 ice beasts
  2 black bears
  A necrophage (D:5)
  2 ogres
  A centaur (D:6)
  A kobold brigand (D:6)
  2 bullfrogs
  A wyvern zombie (D:6)
  3 scorpions
  3 water moccasin zombies
  A wyvern skeleton (D:6)
  Dowan (D:7)
  3 howler monkeys (D:7)
  2 centaur zombies
  A bullfrog zombie (D:5)
  2 hounds
  A jelly (D:5)
  An orc priest (D:4)
  Crazy Yiuf (D:5)
  2 gnoll shamans
  A bullfrog skeleton (D:7)
  2 orc wizards
  A killer bee zombie (D:7)
  A howler monkey zombie (D:6)
  6 adders
  9 gnolls
  A shadow imp (D:6)
  A white imp (D:5)
  An ufetubus (D:4)
  3 adder skeletons (D:4)
  2 dart slugs
  15 orcs
  5 endoplasms
  7 giant cockroaches
  2 goblins
  9 hobgoblins
  4 jackals (D:3)
  6 kobolds
  4 quokkas
  3 ball pythons
  7 bats
  5 frilled lizards
  2 rats
136 creatures vanquished.

Notes
Turn   | Place    | Note
-------+----------+-------------------------------------------
     0 | D:1      | LLlMATKO the Minotaur Berserker began the quest for the
                  | Orb.
     0 | D:1      | Reached XP level 1. HP: 19/19 MP: 0/0
    52 | D:1      | Found a faded altar of an unknown god.
   232 | D:1      | Reached XP level 2. HP: 22/27 MP: 1/1
   657 | D:1      | Found Xugerph's Distillery.
   714 | D:2      | Reached XP level 3. HP: 33/33 MP: 2/2
  1042 | D:2      | Reached ** piety under Trog
  1066 | D:2      | You fall into a shaft and drop 1 floor!
  1106 | D:3      | Reached XP level 4. HP: 40/41 MP: 3/3
  1113 | D:3      | Reached XP level 5. HP: 31/47 MP: 4/4
  2102 | D:3      | Found a radiant altar of Vehumet.
  2295 | D:3      | Found a blossoming altar of Fedhas.
  2779 | D:4      | Reached *** piety under Trog
  2794 | D:4      | Noticed an ogre
  2801 | D:4      | Killed an ogre
  2802 | D:4      | Reached skill level 5 in Fighting
  2802 | D:4      | Reached skill level 5 in Axes
  2802 | D:4      | Reached XP level 6. HP: 56/56 MP: 5/5
  3263 | D:4      | Reached skill level 5 in Armour
  3263 | D:4      | Reached XP level 7. HP: 55/62 MP: 6/6
  3383 | D:4      | Noticed Pikel
  3389 | D:4      | Killed Pikel
  3390 | D:4      | Reached skill level 5 in Dodging
  3603 | D:4      | Noticed Eustachio
  3613 | D:4      | Killed Eustachio
  3614 | D:4      | Reached XP level 8. HP: 71/71 MP: 7/7
  3771 | D:5      | Entered Level 5 of the Dungeon
  3869 | D:5      | Noticed Menkaure
  3879 | D:5      | Killed Menkaure
  4102 | D:5      | Found a runed translucent door.
  4103 | D:5      | Noticed Crazy Yiuf
  4187 | D:5      | Found a staircase to the Ecumenical Temple.
  4948 | D:5      | Killed Crazy Yiuf
  5131 | D:6      | Found an ornate altar of the Wu Jian Council.
  5131 | D:6      | Found a shimmering altar of Xom.
  5216 | D:6      | Reached XP level 9. HP: 73/81 MP: 8/8
  5397 | D:6      | Reached **** piety under Trog
  5709 | D:6      | Noticed a boulder beetle
  5723 | D:6      | Killed a boulder beetle
  6623 | D:7      | Noticed Duvessa
  6637 | D:7      | Killed Duvessa
  6638 | D:7      | Noticed Dowan
  6639 | D:7      | Noticed a two-headed ogre
  6641 | D:7      | Killed Dowan
  6673 | D:7      | Slain by a two-headed ogre

Illustrated notes

Levels and vault maps discovered:
D:1:      lightli_iron_boxes, layout_basic,
          hellmonk_ecumenical_altar_pennies_from_heaven, serial_shops,
          nicolae_shop_trees
D:2:      layout_rooms, kennysheep_decorative_pillar, minmay_tromino_v4_c
D:3:      layout_basic, mainiacjoe_overflow_brackets,
          mainiacjoe_overflow_catwalk
D:4:      layout_loops_ring, minmay_crossroads, uniq_eustachio, uniq_pikel
D:5:      layout_basic, minmay_temple_entry_overgrown,
          chequers_serial_rivers_large_a, uniq_menkaure, uniq_crazy_yiuf_cottage
D:6:      layout_basic, grunt_temple_overflow_open
D:7:      layout_basic, kennysheep_orc_sif_temple, feat_on_display, uniq_maggie,
          uniq_duvessa

Skill      XL: |  1  2  3  4  5  6  7  8  9 |
---------------+----------------------------+-----
Fighting       | 4 5 6 8 9 |  9.3
Axes           | 4 5 6 7 9 |  9.3
Armour         | 3 4 5 6 7 8 |  8.9
Dodging        | 3 4 5 6 8 |  8.1

Action                   |  1- 3 |  4- 6 |  7- 9 || total
-------------------------+-------+-------+-------++-------
Melee: Hand axe          |    54 |     7 |       ||    61
       Headbutt          |     8 |    17 |    44 ||    69
       Whip              |       |    61 |       ||    61
       War axe           |       |    43 |   202 ||   245
Invok: Berserk           |     2 |     2 |     8 ||    12
 Stab: Distracted        |       |       |     1 ||     1
Armor: Animal skin       |     4 |       |       ||     4
       Ring mail         |    23 |    11 |       ||    34
       Plate armour      |       |    62 |   132 ||   194
Dodge: Dodged            |    26 |    62 |   104 ||   192
       Repelled          |       |       |     2 ||     2
